 Dungeon Crawl Stone Soup version 0.30-a0-310-g7d6cbdfea6 (webtiles) character file.

Game seed: 16906856820034736368

208065 flotson the Cleaver (level 18, -3/143 HPs)
             Began as a Demonspawn Delver on Sept 22, 2022.
             Was the Champion of Okawaru.
             Killed from afar by a starcursed mass (7 damage)
             ... with an accursed screaming
             ... on level 3 of the Abyss on Oct 24, 2022.
             The game lasted 01:16:39 (29080 turns).

flotson the Cleaver (Demonspawn Delver)            Turns: 29080, Time: 01:16:40

Health: -3/143     AC: 32    Str: 20    XL:     18   Next: 49%
Magic:  22/27      EV:  9    Int: 16    God:    Okawaru [******]
Gold:   2261       SH:  0    Dex: 14    Spells: 17/17 levels left

rFire   + . .      SeeInvis .    a - +9 broad axe (vamp)
rCold   . . .      Faith    .    M - +1 tower shield {AC+3}
rNeg    + . .      Spirit   .    R - +0 shadow dragon scales "Oriciargh" {rCorr Stlth++++}
rPois   +          Reflect  .    z - +2 helmet {Int+3}
rElec   +          Harm     .    Q - +1 cloak {rPois}
rCorr   +          Rampage  .    U - +2 pair of gloves {infuse}
Will    +....                    (no boots)
Stlth   +++.......               n - amulet of the acrobat
HPRegen 0.00/turn                Z - ring "Wydiomy" {rElec rF+ rN+}
MPRegen 0.20/turn                j - +4 ring of slaying

@: confused, ambrosia-drunk, sick, studying Stealth
A: claws 2, ignite blood 3, spiny 2, sharp scales 3
a: Renounce Religion, Heroism, Finesse, Duel


You were on level 3 of the Abyss.
You worshipped Okawaru.
Okawaru was exalted by your worship.
You visited 4 branches of the dungeon, and saw 25 of its levels.
You visited the Abyss 3 times.

You collected 2769 gold pieces.
You spent 508 gold pieces at shops.

Inventory:

Hand Weapons
 a - a +9 vampiric broad axe (weapon)
Missiles
 h - 4 datura-tipped darts (quivered)
 s - 9 silver boomerangs
 y - 11 javelins
 A - 4 atropa-tipped darts
 O - 9 silver javelins
 T - 6 curare-tipped darts
Armour
 z - a +2 helmet of intelligence (worn)
 L - the +2 ring mail of the Harp {rPois rF+ Int+2 SInv}
   (You found it on level 7 of the Dungeon)

   Int:       It affects your intelligence (+2).
   rF:        It protects you from fire.
   rPois:     It protects you from poison.
   SInv:      It lets you see invisible.
 M - a +1 tower shield of protection (worn)
 Q - a +1 cloak of poison resistance (worn)
 R - the +0 shadow dragon scales "Oriciargh" (worn) {rCorr Stlth++++}
   (Okawaru gifted it to you on level 9 of the Dungeon)

   rCorr:     It protects you from acid and corrosion.
   Stlth:     It makes you much more stealthy.
 U - a +2 pair of gloves of infusion (worn)
Jewellery
 j - a +4 ring of slaying (right hand)
 n - an amulet of the acrobat (around neck)
 r - a +6 ring of strength
 w - a ring of protection from cold
 I - an amulet of regeneration
 Z - the ring "Wydiomy" (left hand) {rElec rF+ rN+}
   (You found it on level 9 of the Dungeon)

   [ring of positive energy]

   rF:        It protects you from fire.
   rElec:     It insulates you from electricity.
   rN:        It protects you from negative energy.
Wands
 g - a wand of digging (16)
 u - a wand of mindburst (7)
 C - a wand of paralysis (3)
 D - a wand of acid (20)
 E - a wand of iceblast (26)
 X - a wand of polymorph (4)
Scrolls
 c - a scroll of fog
 d - 3 scrolls of magic mapping
 e - 4 scrolls of fear
 k - 3 scrolls of immolation
 l - 8 scrolls of poison
 o - 2 scrolls of teleportation
 p - a scroll of torment
 v - 5 scrolls of vulnerability
 x - a scroll of silence
 P - 2 scrolls of blinking
Potions
 f - 4 potions of ambrosia
 i - 2 potions of invisibility
 m - 5 potions of resistance
 q - 7 potions of lignification
 t - 4 potions of cancellation
 F - 3 potions of flight
 G - 8 potions of curing
 J - 3 potions of attraction
 K - 3 potions of berserk rage
 N - a potion of haste
 W - 8 potions of mutation
 Y - 8 potions of might
Miscellaneous
 b - a lightning rod (4/4)
 H - a phial of floods
 S - a condenser vane
 V - a piece from Xom's chessboard (15/15)


   Skills:
 + Level 13.1 Fighting
 * Level 14.8 Axes
 + Level 11.7 Throwing
 + Level 11.8 Armour
 + Level 11.9 Dodging
 + Level 7.4 Stealth
 + Level 8.2 Shields
 - Level 12.0 Invocations
 + Level 12.8 Evocations


You had 17 spell levels left.
You didn't know any spells.
Your spell library contained the following spells:

 Spells                   Type           Power      Damage    Failure   Level
 Magic Dart               Conj           0%         1d3       100%        1
 Sandblast                Erth           0%         2d4       100%        1
 Blink                    Tloc           0%         N/A       100%        2
 Cigotuvi's Dreadful Rot  Necr/Pois/Air  0%         N/A       100%        2
 Ensorcelled Hibernation  Hex/Ice        0%         N/A       100%        2
 Passwall                 Tmut/Erth      0%         N/A       100%        2
 Searing Ray              Conj           0%         2d4       100%        2
 Frozen Ramparts          Ice            0%         1d1       100%        3
 Ignite Poison            Fire/Tmut/Pois 0%         N/A       100%        3
 Lesser Beckoning         Tloc           0%         N/A       100%        3
 Mephitic Cloud           Conj/Pois/Air  0%         N/A       100%        3
 Spider Form              Tmut/Pois      0%         N/A       100%        3
 Stone Arrow              Conj/Erth      0%         3d7       100%        3
 Anguish                  Hex/Necr       0%         N/A       100%        4
 Cause Fear               Hex            0%         N/A       100%        4
 Dispel Undead            Necr           0%         3d6       100%        4
 Fulminant Prism          Conj/Hex       0%         3d6       100%        4
 Ice Form                 Ice/Tmut       0%         N/A       100%        4
 Manifold Assault         Tloc           0%         N/A       100%        4
 Petrify                  Tmut/Erth      0%         N/A       100%        4
 Freezing Cloud           Conj/Ice/Air   0%         6-21      100%        5
 Metabolic Englaciation   Hex/Ice        0%         N/A       100%        5
 Statue Form              Tmut/Erth      0%         N/A       100%        6
 Dragon Form              Tmut           0%         N/A       100%        7
 Lehudib's Crystal Spear  Conj/Erth      0%         10d2      100%        8
 Chain Lightning          Conj/Air       0%         N/A       100%        9
 Fire Storm               Conj/Fire      0%         5d1       100%        9
 Shatter                  Erth           0%         3d5*      100%        9
 Animate Armour           Summ/Erth      Unusable   N/A       N/A         4
 Summon Ice Beast         Ice/Summ       Unusable   N/A       N/A         4
 Death Channel            Necr           Unusable   N/A       N/A         6
 Dragon's Call            Summ           Unusable   N/A       N/A         9

Dungeon Overview and Level Annotations

Branches:
Dungeon (15/15)            Temple (0/1) D:6            Lair (5/5) D:10
 Shoals (0/4) Lair:2       Spider (0/4) Lair:2        Slime (0/5) Lair:4
    Orc (2/2) D:9             Elf (3/3) Orc:2        Vaults (0/5) D:14
 Depths (0/4) D:15

Altars:
Ashenzari
Dithmenos
Hepliaklqana
Kikubaaqudgha
Okawaru
Trog
Uskayaw
Vehumet
Xom
Yredelemnul
Jiyva

Shops:
D:3 [   Orc:2 =[*[   Elf:1 :   Elf:3 !

Portals:
Trove: D:13 (give 17 potions of curing)

Annotations:
Abyss:3 1 transporter


Innate Abilities, Weirdness & Mutations

You have very sharp fingernails.
Your demonic aura causes all spilled blood to erupt in flames.
You are mostly covered in sharp spines.
You are completely covered in razor-sharp scales. (AC +3, Slay +3)


Message History

You are knocked back by the lance of force.
You slam into the rock wall!
* * * LOW HITPOINT WARNING * * *
You feel much better. The rakshasa gestures at you.
The lance of force hits you.
* * * LOW HITPOINT WARNING * * *
You are knocked back by the lance of force.
You slam into the rock wall!
* * * LOW HITPOINT WARNING * * *
Okay, then.
Unknown command.
You are confused.
You feel invigorated. The rakshasa gestures at you.
The lance of force hits you!!
* * * LOW HITPOINT WARNING * * *
You are knocked back by the lance of force.
You slam into the rock wall!
You bump into the crystal wall.
A chorus of shrieks assaults your mind.
* * * LOW HITPOINT WARNING * * *
The rakshasa is struck by your spines.
The rakshasa hits you but does no damage.
Unknown command.
You bump into the rock wall.
A chorus of shrieks assaults your mind.
* * * LOW HITPOINT WARNING * * *
The rakshasa barely misses you.
Unknown command.
You slash the rakshasa!
The rakshasa is heavily wounded.
A chorus of shrieks assaults your mind.
* * * LOW HITPOINT WARNING * * *
The rakshasa hits you but does no damage.
Unknown command.
You bump into the stone wall.
The rakshasa hits you with a +0 whip.
* * * LOW HITPOINT WARNING * * *
A chorus of shrieks assaults your mind.
You die...

. R### # #
. ...###..#
#X#..##. ##
..#. #..##
#..
........#
#.. ##
XX##.....#
# .
##RX....# #
.# # #@#
.#.....#...
###.......#
. . # ...##
. #... #
#.#... ...
## #. . ...
.... # # #
.#..... #
#..# #.###
.. ... . #
# ##. .# .
. . # .. .


You could see 3 starcursed masses and a rakshasa.

Vanquished Creatures
  Rupert (D:15)
  3 deep elf blademasters
  2 liches (Abyss:3)
  3 tentacled starspawn (Abyss:3)
  Frances (D:12)
  Donald (Elf:2)
  A frost giant (D:14)
  Louise (D:14)
  5 deep elf sorcerers
  4 deep elf elementalists (Elf:3)
  An orc warlord (Elf:3)
  2 deep elf demonologists (Elf:1)
  A deep elf annihilator (Elf:3)
  A lorocyproca (Abyss:3)
  The ghost of sirJeffrey23 the Severer, a journeyman HOFi of Beogh (D:14)
  An ettin (Orc:2)
  4 deep elf death magi
  A deep elf high priest (Elf:3)
  A fire dragon (Lair:5)
  Fannar (Orc:1)
  Josephine (Lair:5)
  A rakshasa (D:14)
  9 hydras
  5 centaur warriors
  A vault guard (D:14)
  3 ogre magi
  An anaconda (Lair:5)
  A two-headed ogre (shapeshifter) (Abyss:3)
  10 boulder beetles
  4 death yaks (Lair:5)
  24 two-headed ogres
  2 naga warriors (D:14)
  5 tengu warriors
  A vampire mage (D:15)
  24 dancing weapons
  3 orc high priests
  9 thrashing horrors (Abyss:3)
  Nergalle (D:12)
  22 deep elf knights
  13 skeletal warriors
  An iron troll (shapeshifter) (Elf:3)
  A fire crab (Lair:4)
  5 wretched stars (Abyss:3)
  A sixfirhy (Abyss:3)
  A deep troll (Orc:2)
  An iron troll (Orc:2)
  12 large abominations
  A death drake (Abyss:3)
  A wizard (D:14)
  12 deep elf archers
  A tengu zombie (D:15)
  A spriggan simulacrum (Abyss:3)
  A swamp dragon (Lair:5)
  27 deep elf pyromancers
  A necromancer (D:15)
  A mana viper (shapeshifter) (Abyss:3)
  7 orc knights
  15 deep elf zephyrmancers
  7 cyclopes
  A wolf spider (Lair:5)
  2 orc sorcerers
  5 ugly things
  4 manticores
  A will-o-the-wisp (Abyss:3)
  3 worldbinders
  6 torpor snails
  A fire giant skeleton (D:15)
  Maurice (D:8)
  A guardian serpent (Lair:5)
  9 black mambas
  18 elephants
  A centaur zombie (Abyss:3)
  3 smoke demons (Abyss:3)
  A gargoyle (D:12)
  An orange demon (Abyss:3)
  5 kobold demonologists
  24 cane toads
  An unseen horror (D:13)
  A freezing wraith (Abyss:3)
  13 komodo dragons
  7 ancient zymes (Abyss:3)
  5 rime drakes (Lair:5)
  A demonic crawler (Abyss:3)
  A hellion (Abyss:3)
  A tormentor (Abyss:3)
  An efreet (D:15)
  An ice devil (Abyss:3)
  A guardian mummy (D:15)
  2 tengu conjurers (D:14)
  15 trolls
  A meliai (shapeshifter) (Abyss:2)
  Prince Ribbit (D:5)
  2 polar bears
  25 blink frogs
  9 slime creatures
  7 raiju (Abyss:3)
  3 hornets (Lair:5)
  A snapping turtle (Lair:2)
  11 dream sheep
  An ettin zombie (D:15)
  A centaur simulacrum (D:14)
  4 wraiths
  Sigmund (D:3)
  3 air elementals
  A hog (shapeshifter) (D:14)
  A water elemental (Elf:3)
  8 wyverns
  2 shadows (D:11)
  2 fire elementals
  41 yaks
  4 ynoxinuls
  A golden eye (Abyss:3)
  7 basilisks
  2 chaos spawn (Abyss:3)
  3 steam dragons
  8 vampire mosquitoes
  A redback (Lair:5)
  A neqoxec (Abyss:3)
  A spatial vortex (Abyss:2)
  4 wargs
  4 acid dragons
  Duvessa (D:4)
  27 water moccasins
  A glowing shapeshifter skeleton (D:15)
  4 black bears
  21 orc warriors
  2 ice beasts (D:7)
  20 starcursed masses (Abyss:3)
  19 ogres
  26 wolves
  8 centaurs
  4 phantoms
  11 bullfrogs
  5 kobold brigands
  10 necrophages
  3 earth elementals
  4 wights
  Dowan (D:4)
  30 killer bees
  8 electric eels
  4 howler monkeys
  A quasit (Abyss:3)
  15 orc priests
  8 hounds
  9 small abominations
  4 jellies
  9 iguanas
  A gnoll bouda (Orc:1)
  7 orc wizards
  7 gnolls
  7 adders
  A shadow imp (D:7)
  3 white imps
  6 ufetubi
  3 worms
  4 dart slugs
  33 orcs
  7 ball pythons
  4 bats
  14 endoplasms
  5 goblins
  13 hobgoblins
  3 jackals (D:2)
  5 quokkas
  6 frilled lizards
  19 kobolds
  3 rats
  3 starspawn tentacles (Abyss:3)
980 creatures vanquished.

Vanquished Creatures (others)
  A large abomination (Abyss:3)
  A raiju (Abyss:3)
  A small abomination (Abyss:3)
  A quasit (Abyss:3)
  An orc (Orc:2)
  3 foxfires (Abyss:3)
  38 fungi
  141 plants
  9 starspawn tentacles (Abyss:3)
  A withered plant (D:15)
197 creatures vanquished.

Grand Total: 1177 creatures vanquished

Notes
Turn   | Place    | Note
-------+----------+-------------------------------------------
     0 | D:5      | flotson the Demonspawn Delver began the quest for the Orb.
     0 | D:5      | Reached XP level 1. HP: 18/18 MP: 1/1
     0 | D:5      | Found an iron altar of Okawaru.
    19 | D:5      | Became a worshipper of Warmaster Okawaru
   248 | D:5      | Noticed a hound
   258 | D:5      | Killed a hound
   259 | D:5      | Reached skill level 1 in Invocations
   259 | D:5      | Reached skill level 1 in Evocations
   259 | D:5      | Gained mutation: Your demonic aura sometimes causes spilled
                  | blood to erupt in flames. [demonic ancestry]
   259 | D:5      | Reached XP level 2. HP: 20/24 MP: 1/3
   259 | D:5      | Gained mutation: You are partially covered in razor-sharp
                  | scales. (AC +1, Slay +1) [demonic ancestry]
   259 | D:5      | Reached XP level 3. HP: 24/29 MP: 1/4
   346 | D:4      | Reached skill level 1 in Armour
   354 | D:4      | Found a broken altar of Ashenzari.
   372 | D:3      | Noticed Sigmund
   372 | D:3      | Found Puurghorosh's Armour Shoppe.
   551 | D:4      | Noticed a black bear
   629 | D:4      | Found a basalt altar of Yredelemnul.
   670 | D:4      | Found a shadowy altar of Dithmenos.
   733 | D:4      | Identified the +1 robe of Boarotzieth {rN+}
   751 | D:4      | Noticed Duvessa
   782 | D:4      | Reached * piety under Okawaru
   913 | D:3      | Gained mutation: You are partially covered in sharp spines.
                  | [demonic ancestry]
   913 | D:3      | Reached XP level 4. HP: 31/35 MP: 5/5
  1053 | D:1      | You fall into a shaft and drop 1 floor!
  1752 | D:2      | Found a faded altar of an unknown god.
  2275 | D:2      | Found a shadowy altar of Dithmenos.
  2545 | D:2      | Reached XP level 5. HP: 39/41 MP: 6/6
  2607 | D:3      | Killed Sigmund
  2608 | D:3      | Reached skill level 1 in Throwing
  2608 | D:3      | Reached XP level 6. HP: 39/48 MP: 6/8
  3185 | D:4      | Reached XP level 7. HP: 54/54 MP: 9/9
  3334 | D:4      | Noticed Dowan
  3340 | D:4      | Killed Duvessa
  3343 | D:4      | Killed Dowan
  3343 | D:4      | Reached ** piety under Okawaru
  4037 | D:5      | Noticed Prince Ribbit
  4050 | D:5      | Killed Prince Ribbit
  4051 | D:5      | Reached skill level 5 in Fighting
  4051 | D:5      | Reached skill level 5 in Invocations
  4051 | D:5      | Gained mutation: Your demonic aura often causes spilled
                  | blood to erupt in flames. [demonic ancestry]
  4051 | D:5      | Reached XP level 8. HP: 59/62 MP: 11/11
  4161 | D:5      | Reached *** piety under Okawaru
  4595 | D:6      | Found a staircase to the Ecumenical Temple.
  4777 | D:6      | Found a hide-covered altar of Uskayaw.
  4908 | D:6      | Found a hazy altar of Hepliaklqana.
  5161 | D:6      | Found a bloodstained altar of Trog.
  5530 | D:7      | Gained mutation: You have sharp fingernails. [demonic
                  | ancestry]
  5530 | D:7      | Reached XP level 9. HP: 63/69 MP: 13/13
  5694 | D:7      | Reached **** piety under Okawaru
  5695 | D:7      | Reached skill level 5 in Dodging
  5806 | D:7      | Found an ancient bone altar of Kikubaaqudgha.
  5914 | D:7      | Reached skill level 5 in Evocations
  5945 | D:7      | Identified the +2 ring mail of the Harp {rPois rF+ Int+2
                  | SInv}
  6350 | D:8      | Reached skill level 5 in Armour
  6546 | D:8      | Reached ***** piety under Okawaru
  6547 | D:8      | Reached XP level 10. HP: 62/77 MP: 15/15
  6548 | D:8      | Received a gift from Okawaru
  6554 | D:8      | Reached skill level 5 in Throwing
  6718 | D:8      | Noticed a tengu warrior
  6738 | D:8      | Killed a tengu warrior
  6738 | D:8      | Received a gift from Okawaru
  6854 | D:8      | Found the +18 Lear's hauberk
  6926 | D:8      | Noticed Maurice
  6932 | D:8      | Killed Maurice
  6933 | D:8      | Reached skill level 2 in Axes
  7346 | D:9      | Noticed a cyclops
  7437 | D:9      | Noticed a manticore
  7461 | D:9      | Killed a manticore
  7539 | D:9      | Identified the +0 shadow dragon scales "Oriciargh" {rCorr
                  | Stlth++++} (Okawaru gifted it to you on level 9 of the
                  | Dungeon)
  7539 | D:9      | Received a gift from Okawaru
  7721 | D:9      | Killed a cyclops
  7722 | D:9      | Reached skill level 3 in Axes
  7789 | D:9      | Found a staircase to the Orcish Mines.
  7835 | D:9      | Gained mutation: You are mostly covered in razor-sharp
                  | scales. (AC +2, Slay +2) [demonic ancestry]
  7835 | D:9      | Reached XP level 11. HP: 84/84 MP: 17/17
  7836 | D:9      | Reached skill level 4 in Axes
  8194 | D:9      | Noticed a centaur warrior
  8200 | D:9      | Noticed a boulder beetle
  8201 | D:9      | Killed a centaur warrior
  8205 | D:9      | Killed a boulder beetle
  8257 | D:9      | Identified the +6 halberd "Beetlebane" {speed, rPois Dex+4}
  8259 | D:9      | Identified the ring "Wydiomy" {rElec rF+ rN+}
  8549 | D:10     | Entered Level 10 of the Dungeon
  8563 | D:10     | Identified the +4 war axe "Rummage" {vorpal, rC+}
  8609 | D:10     | Found a staircase to the Lair.
  8728 | D:10     | Noticed a two-headed ogre
  8733 | D:10     | Reached skill level 5 in Axes
  8734 | D:10     | Killed a two-headed ogre
  8734 | D:10     | Received a gift from Okawaru
  8946 | D:10     | Received a gift from Okawaru
  9119 | D:10     | Noticed a sixfirhy
  9444 | D:10     | Paralysed by an orc warrior for 5 turns
  9529 | Lair:1   | Entered Level 1 of the Lair of Beasts
  9556 | Lair:1   | Reached skill level 6 in Axes
  9620 | Lair:1   | Reached skill level 10 in Invocations
  9620 | Lair:1   | Reached XP level 12. HP: 60/94 MP: 12/19
  9692 | Lair:1   | Received a gift from Okawaru
 10039 | Lair:1   | Identified the +1 buckler "Bopreys" {rElec rCorr Stlth-}
                  | (Okawaru gifted it to you on level 1 of the Lair of Beasts)
 10039 | Lair:1   | Received a gift from Okawaru
 10147 | Lair:1   | You fall into a shaft and drop 1 floor!
 10467 | Lair:2   | Found a hole to the Spider Nest.
 10548 | Lair:1   | Reached skill level 7 in Axes
 10802 | Lair:2   | Reached ****** piety under Okawaru
 10952 | Lair:2   | Found a staircase to the Shoals.
 11295 | Lair:3   | Noticed a six-headed hydra
 11301 | Lair:3   | Killed an eight-headed hydra
 11486 | Lair:3   | Gained mutation: Your demonic aura causes all spilled blood
                  | to erupt in flames. [demonic ancestry]
 11486 | Lair:3   | Reached XP level 13. HP: 101/101 MP: 18/21
 11492 | Lair:3   | Reached skill level 8 in Axes
 11932 | Lair:3   | Received a gift from Okawaru
 12507 | Lair:4   | Found a viscous altar of Jiyva.
 12507 | Lair:4   | Found a staircase to the Slime Pits.
 12589 | Lair:4   | Received a gift from Okawaru
 13257 | Lair:4   | Reached skill level 9 in Axes
 13373 | Lair:4   | Received a gift from Okawaru
 13489 | Lair:4   | Received a gift from Okawaru
 14299 | Lair:4   | Reached XP level 14. HP: 79/109 MP: 12/23
 14306 | Lair:4   | Reached skill level 1 in Shields
 14308 | Lair:4   | Identified the +0 ring mail "Araititz" {rN+ Str-2 Dex+8}
 14501 | Lair:5   | Entered Level 5 of the Lair of Beasts
 14508 | Lair:5   | Reached skill level 10 in Fighting
 14540 | Lair:5   | Received a gift from Okawaru
 14935 | Lair:5   | Received a gift from Okawaru
 14986 | Lair:5   | Reached skill level 10 in Axes
 15599 | Lair:5   | Reached skill level 10 in Evocations
 15625 | Lair:5   | Noticed Josephine
 15641 | Lair:5   | Killed Josephine
 15641 | Lair:5   | Identified the +1 robe of Ugra {Str-4 Int+4 Dex+3} (Okawaru
                  | gifted it to you on level 5 of the Lair of Beasts)
 15641 | Lair:5   | Received a gift from Okawaru
 16551 | Orc:1    | Entered Level 1 of the Orcish Mines
 16606 | Orc:1    | Noticed Fannar
 16622 | Orc:1    | Killed Fannar
 17196 | Orc:2    | Entered Level 2 of the Orcish Mines
 17403 | Orc:2    | Gained mutation: You are mostly covered in sharp spines.
                  | [demonic ancestry]
 17403 | Orc:2    | Reached XP level 15. HP: 110/117 MP: 19/24
 17478 | Orc:2    | Found Fezunur's General Store.
 17487 | Orc:2    | Reached skill level 11 in Axes
 17496 | Orc:2    | Paralysed by something for 4 turns
 17513 | Orc:2    | Received a gift from Okawaru
 17533 | Orc:2    | Found Laiwnus's Antique Armour Shop.
 17533 | Orc:2    | Found a staircase to the Elven Halls.
 17534 | Orc:2    | Found Nimydinn's Antique Armour Emporium.
 17668 | Orc:2    | Bought a scroll of identify for 30 gold pieces
 17701 | Orc:2    | Found Jamutt's Jewellery Shop.
 17714 | Orc:2    | Bought a shiny helmet for 247 gold pieces
 17714 | Orc:2    | Bought a runed hat for 231 gold pieces
 19086 | D:12     | Reached skill level 10 in Dodging
 19228 | D:12     | Noticed Nergalle
 19238 | D:12     | Killed Nergalle
 19407 | D:12     | Noticed Frances
 19414 | D:12     | Killed Frances
 20148 | D:13     | Reached skill level 10 in Armour
 20251 | D:13     | Reached skill level 12 in Axes
 20251 | D:13     | Reached skill level 5 in Shields
 20461 | D:13     | Received a gift from Okawaru
 20516 | D:13     | Found a portal to a secret trove of treasure.
 20621 | Abyss:2  | Cast into level 2 of the Abyss (a wizard)
 20809 | Abyss:3  | Found a corrupted altar of Lugonu.
 20874 | Abyss:3  | Noticed a tentacled starspawn
 20938 | Abyss:3  | Reached skill level 10 in Throwing
 20989 | Abyss:3  | Noticed a lich
 21000 | Abyss:3  | Gained mutation: You have very sharp fingernails. [demonic
                  | ancestry]
 21000 | Abyss:3  | Reached XP level 16. HP: 71/126 MP: 4/25
 21013 | Abyss:3  | Killed a lich
 21030 | Abyss:3  | Noticed a tentacled starspawn
 21038 | Abyss:3  | HP: 4/126 [thrashing horror (8)]
 21039 | Abyss:3  | Found a corrupted altar of Lugonu.
 21199 | Abyss:3  | Found a corrupted altar of Lugonu.
 21293 | Abyss:3  | Noticed a tentacled starspawn
 21300 | Abyss:3  | Killed a tentacled starspawn
 21308 | Abyss:3  | Received a gift from Okawaru
 21395 | Abyss:3  | Found a corrupted altar of Lugonu.
 21419 | D:14     | Escaped the Abyss
 21693 | D:14     | Received a gift from Okawaru
 21884 | D:14     | Received a gift from Okawaru
 22022 | D:14     | Found a gate to the Vaults.
 22187 | D:14     | Found a runed translucent gate.
 22187 | D:14     | Found a runed translucent gate.
 22187 | D:14     | Found a runed translucent gate.
 22188 | D:14     | Found an iron altar of Okawaru.
 22188 | D:14     | Noticed sirJeffrey23's ghost (journeyman HOFi)
 22317 | D:14     | Killed sirJeffrey23's ghost
 22326 | D:14     | Received a gift from Okawaru
 22481 | D:14     | Identified the +4 ring mail of Yesterday {rC+ Str+2}
 22487 | D:14     | Identified the +8 dire flail "Killer Bee's Death" {holy,
                  | rPois rC+ rN++ Dex-4}
 22515 | D:15     | Entered Level 15 of the Dungeon
 22515 | D:15     | Noticed Louise
 22624 | Abyss:3  | Cast into level 3 of the Abyss (Louise)
 22737 | Abyss:3  | Identified the +1 ring mail "Soitsa Toet" {*Corrode Str+5}
                  | (Okawaru gifted it to you on level 3 of the Abyss)
 22737 | Abyss:3  | Received a gift from Okawaru
 22743 | Abyss:3  | Noticed a profane servitor
 22866 | Abyss:3  | Paralysed by accursed screaming for 1 turns
 22868 | Abyss:3  | Paralysed by accursed screaming for 1 turns
 22877 | Abyss:3  | Upgraded the game from 0.30-a0-137-gd8773701ce to
                  | 0.30-a0-149-g7f746667c4
 22884 | Abyss:3  | Paralysed by accursed screaming for 1 turns
 22983 | Abyss:3  | Noticed a tentacled starspawn
 22992 | Abyss:3  | Killed a tentacled starspawn
 23045 | Abyss:3  | Noticed a tentacled starspawn
 23055 | Abyss:3  | HP: 6/127 [large abomination (6)]
 23059 | Abyss:3  | Found a corrupted altar of Lugonu.
 23166 | Abyss:3  | Reached skill level 13 in Axes
 23297 | Abyss:3  | Noticed a lich
 23309 | Abyss:3  | Killed a lich
 23312 | D:14     | Escaped the Abyss
 23410 | D:14     | Killed Louise
 23477 | D:15     | Found a staircase to the Depths.
 23719 | D:15     | Noticed Rupert
 23730 | D:15     | Killed Rupert
 23849 | D:15     | Reached XP level 17. HP: 102/133 MP: 17/26
 23914 | D:15     | Found a shimmering altar of Xom.
 24149 | D:15     | Upgraded the game from 0.30-a0-149-g7f746667c4 to
                  | 0.30-a0-242-g7bf8e6d787
 24345 | Elf:1    | Entered Level 1 of the Elven Halls
 24369 | Elf:1    | Received a gift from Okawaru
 24394 | Elf:1    | Found a radiant altar of Vehumet.
 24500 | Elf:1    | Received a gift from Okawaru
 24557 | Elf:1    | Received a gift from Okawaru
 24742 | Elf:1    | Identified the +0 hat of Kastiete {Harm rElec} (Okawaru
                  | gifted it to you on level 1 of the Elven Halls)
 24742 | Elf:1    | Received a gift from Okawaru
 24855 | Elf:1    | Found Latuf's Book Boutique.
 25527 | Elf:2    | Identified a scroll of acquirement
 25528 | Elf:2    | Acquired a manual of Stealth
 25662 | Elf:2    | Found a huge runed translucent gate.
 25662 | Elf:2    | Found a huge runed translucent gate.
 25662 | Elf:2    | Found a huge runed translucent gate.
 25662 | Elf:2    | Found a huge runed translucent gate.
 25663 | Elf:2    | Found a huge runed translucent gate.
 25802 | Elf:2    | Reached skill level 14 in Axes
 26037 | Elf:2    | Noticed a deep elf blademaster
 26043 | Elf:2    | Reached skill level 5 in Stealth
 26048 | Elf:2    | Killed a deep elf blademaster
 26452 | Elf:2    | Noticed Donald
 26468 | Elf:2    | Killed Donald
 26468 | Elf:2    | Received a gift from Okawaru
 26607 | Elf:3    | Entered Level 3 of the Elven Halls
 26608 | Elf:3    | Upgraded the game from 0.30-a0-242-g7bf8e6d787 to
                  | 0.30-a0-297-g0ec75d9ef4
 26678 | Elf:3    | Paralysed by an air elemental for 1 turns
 26682 | Elf:3    | Paralysed by an air elemental for 1 turns
 26785 | Elf:3    | Found Pijuwi's Distillery.
 26941 | Elf:3    | Gained mutation: You are completely covered in razor-sharp
                  | scales. (AC +3, Slay +3) [demonic ancestry]
 26941 | Elf:3    | Reached XP level 18. HP: 142/142 MP: 20/27
 26944 | Elf:3    | Received a gift from Okawaru
 27039 | Elf:3    | a stone giant changed into a caustic shrike
 27039 | Elf:3    | Noticed a caustic shrike (glowing shapeshifter)
 27040 | Elf:3    | a caustic shrike changed into an azure jelly
 27044 | Elf:3    | an iron dragon changed into an iron giant
 27044 | Elf:3    | Noticed an iron giant (glowing shapeshifter)
 27047 | Elf:3    | an iron giant changed into a caustic shrike
 27047 | Elf:3    | Noticed a caustic shrike (glowing shapeshifter)
 27049 | Elf:3    | a caustic shrike changed into a sphinx
 27395 | Elf:3    | Received a gift from Okawaru
 27490 | Elf:3    | Identified the +9 scimitar of Prescription {freeze, Str+3
                  | Int-2 Dex+7}
 27815 | Elf:3    | Upgraded the game from 0.30-a0-297-g0ec75d9ef4 to
                  | 0.30-a0-310-g7d6cbdfea6
 27910 | Elf:3    | HP: 6/138 [Executioner[a deep elf demonologist] (19)]
 28263 | Elf:3    | Identified the +3 battleaxe of Cruel Justice {elec, rElec}
 28263 | Elf:3    | Identified the +3 robe of the Big Bang {rC+}
 28273 | Elf:3    | Received a gift from Okawaru
 28338 | Elf:3    | Identified the +8 dagger of Painful Death {speed, Str-5
                  | Int+5}
 28350 | Elf:3    | Received a gift from Okawaru
 28357 | Abyss:3  | Noticed a tentacled monstrosity
 28357 | Abyss:3  | Found a transporter.
 28357 | Abyss:3  | Found a transporter.
 28357 | Abyss:3  | Found a corrupted altar of Lugonu.
 28357 | Abyss:3  | Cast into level 3 of the Abyss (a deep elf sorcerer)
 28567 | Abyss:3  | Found a corrupted altar of Lugonu.
 28696 | Abyss:3  | Found a corrupted altar of Lugonu.
 29063 | Abyss:3  | Paralysed by accursed screaming for 1 turns
 29071 | Abyss:3  | Paralysed by accursed screaming for 1 turns
 29074 | Abyss:3  | HP: 5/143 [rock wall collision (11)]
 29079 | Abyss:3  | HP: 5/143 [starcursed mass/accursed screaming (6)]
 29080 | Abyss:3  | Killed from afar by a starcursed mass

Illustrated notes

Levels and vault maps discovered:
D:1:      minmay_arrival_four_houses, layout_loops_ring, nicolae_titane
D:2:      layout_loops_cross, hellmonk_ecumenical_altar_slurped_away,
          basic_altar, minmay_randomly_rotated_circles
D:3:      layout_rooms, serial_shops, nicolae_shop_statue_plus, uniq_sigmund
D:4:      layout_basic, kennysheep_ying_yang, evilmike_ruin_ashenzari,
          grunt_dithmenos_smoke_and_mirrors, chequers_serial_rivers_small_3,
          uniq_duvessa
D:5:      layout_rooms, okawaru_trees_1, uniq_prince_ribbit1
D:6:      layout_cave_pods, lemuel_doored_altar,
          mainiacjoe_overflow_six_doors_small, mainiacjoe_overflow_alcove_4,
          temple_doors_e
D:7:      layout_gridville, mainiacjoe_overflow_paths
D:8:      cheibrodos_steamvent, layout_basic, serial_aquarium,
          aquarium_bridge_straight [aquarium_subvault_bridge,
          aquarium_subvault_window, aquarium_subvault_bridge,
          aquarium_subvault_balcony], aquarium_window_1, aquarium_window_fake,
          aquarium_view_2g, aquarium_view_2e, hangedman_abyss_or_decor_stagger,
          hellmonk_guarded_unrand_lears, uniq_maurice
D:9:      minmay_the_grid_octo_triangle [minmay_the_grid_octo_focus,
          minmay_the_grid_octo_prize_single_spiral,
          minmay_the_grid_octo_checkered], layout_long_grid, orc_0_dummy,
          serial_bayou, serial_bayou_ford_a, serial_bayou_lagoon_b,
          serial_bayou_pond_d, serial_bayou_pond_d, serial_bayou_pond_a,
          serial_bayou_pond_d
D:10:     layout_stronghold, erik_lair_island
D:11:     layout_roguey
D:12:     layout_loops_corners, uniq_frances, uniq_nergalle
D:13:     layout_rooms, nicolae_trove_entry_isolated
D:14:     layout_irregular_city, david_vaults_5,
          gammafunk_ghost_fury_of_okawaru, minivault_11
D:15:     gammafunk_depths_entry_grave, layout_rooms, corexii_corridor_pit,
          xom_teletrap_fun, uniq_rupert, uniq_louise
Lair:1:   layout_concentric_octagons, infiniplex_staircase_pool,
          lemuel_fruit_fields
Lair:2:   layout_gridlike, minmay_shoals_entry_hut, dummy_spider_entry,
          roderic_carrion_pond, lemuel_fruit_tree
Lair:3:   layout_cave_pods, grunt_megastairs_2
Lair:4:   nzn_winding_woodlands_huge [nzn_winding_woodlands_5x15_river_crossing,
          nzn_winding_woodlands_5x15_parted, nzn_winding_woodlands_5x15_garden,
          nzn_winding_woodlands_5x15_jagged, nzn_winding_woodlands_5x15_cabin,
          nzn_winding_woodlands_5x15_pathside_ponds,
          nzn_winding_woodlands_5x15_split_checker,
          nzn_winding_woodlands_5x15_zeroes, nzn_winding_woodlands_5x15_eye,
          nzn_winding_woodlands_5x15_sidewinder,
          nzn_winding_woodlands_center_lodge,
          nzn_winding_woodlands_center_diamonds,
          nzn_winding_woodlands_15x15_thick_spiral], layout_misc_corridors,
          nicolae_slime_entry_slimehenge
Lair:5:   hangedman_lair_tendril_chambers, layout_loops_ring,
          guppyfry_lair_end_dragon, uniq_josephine
Orc:1:    layout_caves, uniq_fannar
Orc:2:    st_orc_open, layout_caves
Elf:1:    eino_elf_arrival_altar, layout_rooms, serial_shops, shop,
          minmay_elf_demonology, serial_sigils_hangedman_stare
Elf:2:    elven_hall_of_blades_hangedman_alternative
          [infiniplex_blade_entry_pillars], layout_rooms,
          hangedman_elf_power_crystal, minmay_misc_feat_columns, uniq_donald
Elf:3:    minmay_elf_hall_dome, layout_geoelf_grid, special_room
          [special_room_orc], serial_shops, shop, grunt_ministairs_11
Abyss:3:  base: D:14, kilobyte_mutagenic_chamber, hangedman_abyss_river_spirits,
          base: Lair:2, guppyfry_abyss_exit_spiral_guarded,
          hangedman_abyss_or_decor_slice, hangedman_classic_abyss_death, base:
          Lair:2, hangedman_classic_abyss_death, base: D:2,
          gammafunk_corrupted_shrine, nicolae_abyss_rune_left_handed

Skill      XL: |  1  2  3  4  5  6  7  8  9 10 11 12 13 14 15 16 17 18 |
---------------+-------------------------------------------------------+-----
Dodging        | 2 3 4 5 6 7 8 9 10 11 | 11.9
Invocations    | 1 2 3 5 6 7 8 10 11 12 | 12.0
Evocations     | 1 2 3 4 5 6 7 8 9 10 11 12 | 12.8
Armour         | 1 2 3 4 5 6 7 8 9 10 11 | 11.8
Throwing       | 1 2 3 4 5 6 7 8 9 10 11 | 11.7
Fighting       | 4 5 6 7 8 9 10 11 12 13 | 13.1
Axes           | 3 6 7 9 10 12 13 14 | 14.8
Shields        | 3 5 6 7 8 |  8.2
Stealth        | 6 7 |  7.4

Action                   |  1- 3 |  4- 6 |  7- 9 | 10-12 | 13-15 | 16-18 || total
-------------------------+-------+-------+-------+-------+-------+-------++-------
Melee: Short sword       |    53 |     9 |       |       |       |       ||    62
       Trident           |     6 |       |       |       |       |       ||     6
       Rapier            |       |    28 |       |       |       |       ||    28
       Dagger            |       |    59 |   251 |    35 |       |       ||   345
       Punch             |       |     2 |     5 |     1 |       |       ||     8
       Battleaxe         |       |       |       |   257 |   122 |       ||   379
       Broad axe         |       |       |       |       |   541 |   791 ||  1332
Throw: Dart              |       |     1 |     8 |       |       |       ||     9
       Boomerang         |       |       |       |    15 |     8 |     1 ||    24
Invok: Heroism           |       |       |       |     4 |       |     1 ||     5
Evoke: Wand              |       |       |       |     8 |       |       ||     8
       Condenser vane    |       |       |       |       |       |     1 ||     1
  Use: Potion            |     1 |       |       |     2 |       |    15 ||    18
       Scroll            |       |       |       |    19 |    14 |    11 ||    44
 Stab: Sleeping          |     6 |     6 |     2 |    12 |    16 |    20 ||    62
       Distracted        |       |       |     1 |       |     4 |       ||     5
Armor: Leather armour    |     6 |       |       |       |       |       ||     6
       Robe              |     5 |     3 |       |       |       |       ||     8
       Scale mail        |       |    38 |     1 |       |       |       ||    39
       Ring mail         |       |       |   109 |    33 |       |       ||   142
       Shadow dragon sca |       |       |       |   228 |   458 |   435 ||  1121
       Skin              |       |       |       |     1 |       |       ||     1
Dodge: Dodged            |    20 |    56 |   142 |   213 |   360 |   281 ||  1072
Block: Buckler           |       |       |       |       |   150 |    48 ||   198
       Tower shield      |       |       |       |       |       |   565 ||   565
       Reflection        |       |       |       |       |       |     3 ||     3

Table legend: (Time is in decaauts)
 A = Elapsed time spent in this place.
 B = Non-inter-level travel time spent in this place.
 C = Inter-level travel time spent in this place.
 D = Time resting spent in this place.
 E = Time spent auto-exploring this place.
 F = Levels seen in this place.
 G = Mean time per level.
                   A        B        C        D        E       F      G
               +--------+--------+--------+--------+--------+-----+--------+
         Total |  29625 |  27956 |   1669 |   1264 |  20311 |  29 | 1021.6 |
       Dungeon |  14605 |  13653 |    952 |    475 |  10172 |  15 |  973.7 |
          Lair |   7025 |   6499 |    526 |      0 |   5159 |   5 | 1405.0 |
  Orcish Mines |   1589 |   1505 |     84 |      0 |   1276 |   2 |  794.5 |
   Elven Halls |   4156 |   4050 |    106 |    302 |   2827 |   3 | 1385.3 |
         Abyss |   2249 |   2249 |      0 |    487 |    876 |   4 |  562.2 |
               +--------+--------+--------+--------+--------+-----+--------+

Top non-repeatable levels by time:
 Abyss:3: 2064 daAuts
  Lair:5: 1963 daAuts
  Lair:4: 1911 daAuts
   Elf:2: 1722 daAuts
   Elf:3: 1513 daAuts
    D:14: 1465 daAuts
  Lair:3: 1438 daAuts
     D:9: 1433 daAuts
     D:4: 1289 daAuts
    D:10: 1231 daAuts
    D:12: 1157 daAuts
     D:5: 1039 daAuts
     D:8: 1008 daAuts
     D:6: 989 daAuts
     D:2: 968 daAuts
